 Dungeon Crawl Stone Soup version 0.29.1-15-g9cfb28693d (webtiles) character file.

Game seed: 17445794804080277068

52 Descartes the Ducker (level 3, -2/17 HPs)
             Began as a Felid Monk on Mar 16, 2023.
             Slain by Terence
             ... wielding a +0 morningstar
              (15 damage)
             ... on level 3 of the Dungeon.
             The game lasted 00:01:24 (1554 turns).

Descartes the Ducker (Felid Monk)                   Turns: 1554, Time: 00:01:24

Health: -2/17      AC:  1    Str:  9    XL:     3   Next: 60%
Magic:  4/4        EV: 19    Int: 11    God:
Gold:   105        SH:  0    Dex: 18    Spells: 2/2 levels left
                                        Lives:  0   Deaths: 0

rFire   . . .      SeeInvis +     - Unarmed
rCold   . . .      Faith    .   (shield unavailable)
rNeg    . . .      Spirit   .   (body armour unavailable)
rPois   .          Reflect  .   (helmet unavailable)
rElec   .          Harm     .   (cloak unavailable)
rCorr   .          Rampage  .   (gloves unavailable)
Will    .....                   (boots unavailable)
Stlth   ++........              (no amulet)
HPRegen 0.05/turn               (no ring)
MPRegen 0.09/turn               (no ring)

@: quick
A: very small, claws 1, fangs 3, see invisible, speed 1, shaggy fur 1, stealthy
paws, no weapons or thrown items, no armour, multi-lived
a: no special abilities


You were on level 3 of the Dungeon.
You visited 1 branch of the dungeon, and saw 3 of its levels.

You collected 105 gold pieces.

Inventory:

Scrolls
 b - a scroll of immolation {unknown}
 e - 4 scrolls of identify {unknown}
 f - a scroll of teleportation {unknown}
 h - a scroll of fear {unknown}
 i - a scroll of butterflies {unknown}
Potions
 a - a potion of ambrosia
 c - 2 potions of resistance {unknown}
 d - 2 potions of curing {unknown}
 g - a potion of invisibility {unknown}


   Skills:
 + Level 3.6 Fighting
 + Level 4.8 Dodging
 - Level 2.6 Stealth
 + Level 3.6 Unarmed Combat


You had 2 spell levels left.
You didn't know any spells.
Your spell library contained the following spells:

 Spells                   Type           Power      Damage    Failure   Level
 Foxfire                  Conj/Fire      0%         2x1d4     34%         1
 Conjure Flame            Conj/Fire      0%         6-21      71%         3
 Inner Flame              Hex/Fire       0%         N/A       71%         3
 Flame Wave               Conj/Fire      0%         2d4       98%         4


Dungeon Overview and Level Annotations

Branches:
Dungeon (3/15)

Altars:

Annotations:
D:3 Terence


Innate Abilities, Weirdness & Mutations

You have sharp claws.
You have razor-sharp teeth.
You have supernaturally acute eyesight. (SInv)
You cover ground quickly. (Speed+)
You are covered in fur. (AC +1)
Your paws help you pounce on unaware monsters.
You are incapable of wielding weapons or throwing items.
You cannot wear armour.
You gain extra lives every three experience levels.


Message History

No target in view!
No target in view!
No target in view!
No target in view!
No target in view!
No target in view!
Found a cloak.
No target in view!
You open the door.
There is an open door here.
A bat comes into view.
The helpless bat fails to defend itself.
You claw the bat!
You kill the bat!
No target in view!
No target in view!
No target in view!
No target in view!
No target in view!
No target in view!
No target in view!
No target in view!
An endoplasm and a jackal come into view.
Found 5 poisoned darts and a scroll labelled ZABYECW FIELU.
An orc comes into view. It is wielding a +0 club.
Terence, a worm and a jackal come into view.
Terence shouts!
The jackal moves out of view.
The jackal barks!
You completely miss the jackal. You bite the jackal.
The jackal is almost dead.
The jackal closely misses you. The jackal completely misses you.
The jackal barely misses you. The jackal bites you.
You scratch the jackal.
You kill the jackal!
The jackal bites you.
You barely miss Terence. You bite Terence, but do no damage.
The jackal closely misses you. Terence hits you with a +0 morningstar!
Ouch! That really hurt!
You die...

...
#(#.....[....
...
#.##.########
###.###.##.#
........##.#
...........#
#.......####
####....#
####.# #.@.#
#..@h.#
#..w...#
#..###?# #...
#.# #.. ..#
... ..# ###
##


You could see Terence, a worm and a jackal.

Vanquished Creatures
  An adder (D:2)
  A dart slug (D:1)
  7 bats
  4 endoplasms
  A giant cockroach (D:2)
  3 goblins
  4 hobgoblins (D:1)
  A jackal (D:3)
  4 quokkas
  4 ball pythons
  3 frilled lizards
  A kobold (D:2)
  3 rats
37 creatures vanquished.

Notes
Turn   | Place    | Note
-------+----------+-------------------------------------------
     0 | D:1      | Descartes the Felid Monk began the quest for the Orb.
     0 | D:1      | Reached XP level 1. HP: 10/10 MP: 2/2
   194 | D:1      | Reached XP level 2. HP: 14/14 MP: 3/3
   195 | D:1      | Found a faded altar of an unknown god.
  1032 | D:2      | Reached XP level 3. HP: 17/17 MP: 4/4
  1549 | D:3      | Noticed Terence
  1554 | D:3      | Slain by Terence

Illustrated notes

Levels and vault maps discovered:
D:1:      dpeg_arrival_simpleton_b, layout_rooms,
          hellmonk_ecumenical_altar_leap_of_faith,
          chequers_serial_rivers_small_3
D:2:      layout_basic
D:3:      minmay_recursive_quarters, layout_basic,
          nicolae_wu_jian_immortal_techniques, chequers_serial_rivers_micro_c,
          minmay_misc_feat_encased, minmay_goblin_outpost, uniq_terence,
          uniq_sigmund

Action                   || total
-------------------------++-------
Melee: Unarmed           ||    65
       Bite              ||     8
       Punch             ||     1
 Stab: Sleeping          ||    10
       Distracted        ||     1
Armor: Skin              ||     2
Dodge: Dodged            ||    44
